 Dungeon Crawl Stone Soup version 0.18-a0-1347-gb9e2fb4 (webtiles) character file.

637 Oddball22 the Cutter (level 7, 0/33 HPs)
             Began as a Vine Stalker Enchanter on Feb 17, 2016.
             Slain by an ogre
             ... wielding a +0 giant club
              (19 damage)
             ... on level 5 of the Dungeon.
             The game lasted 00:19:40 (3783 turns).

Oddball22 the Cutter (Vine Stalker Enchanter)       Turns: 3783, Time: 00:19:40

Health: 0/33       AC:  4    Str: 11    XL:     7   Next: 50%
Magic:  0/14       EV: 14    Int: 15    God:
Gold:   238        SH:  0    Dex: 16    Spells: 4 memorised, 5 levels left

rFire  . . .     SeeInvis .     a - +1 dagger
rCold  . . .     Gourm    .     b - +1 robe
rNeg   . . .     Faith    .     (no shield)
rPois  .         Spirit   +     (no helmet)
rElec  .         Dismiss  .     (no cloak)
rCorr  .         Reflect  .     s - +0 pair of gloves
SustAt .         Harm     .     (no boots)
MR     .....                    (no amulet)
Stlth  ++........               (no ring)
                                y - ring of loudness (curse)

@: very slightly contaminated, not resistant to hostile enchantments, unstealthy
A: fangs 2, regeneration 2, magic shield, antimagic bite, no device heal 3, rot
immunity
a: no special abilities


You were on level 5 of the Dungeon.
You were very hungry.

You visited 1 branch of the dungeon, and saw 5 of its levels.

You collected 238 gold pieces.

Inventory:

Hand Weapons
 a - a +1 dagger (weapon)
 t - a +0 blowgun
Missiles
 m - 101 bolts
 n - 7 javelins (quivered)
 u - 19 poisoned needles
Armour
 b - a +1 robe (worn)
 s - a +0 pair of gloves (worn)
Jewellery
 y - a cursed ring of loudness (left hand)
Wands
 w - a wand of lightning (0/15)
Scrolls
 e - a scroll of remove curse
 f - a scroll of teleportation {unknown}
 i - 5 scrolls of identify
 o - 2 scrolls of enchant armour {unknown}
 p - a scroll of fear {unknown}
 x - a scroll of random uselessness {unknown}
 A - a scroll of blinking {unknown}
Potions
 g - 2 potions of curing {unknown}
 h - a potion of heal wounds
 j - 2 potions of haste {unknown}
 q - a potion of resistance {unknown}
 r - a potion of brilliance {unknown}
 v - a potion of cancellation {unknown}
 B - a potion of berserk rage {unknown}
 C - a potion of flight {unknown}
Books
 c - a book of Maledictions

   Spells                             Type                      Level
   a - Corona                         Hexes                        1
   b - Ensorcelled Hibernation        Hexes/Ice                    2
   c - Confuse                        Hexes                        3
   d - Tukima's Dance                 Hexes                        3
   e - Dazzling Spray                 Conjuration/Hexes            3
Comestibles
 d - 2 bread rations
 k - a beef jerky
 l - 3 meat rations
 z - a slice of pizza


   Skills:
 - Level 1.5 Fighting
 * Level 4.6 Short Blades
 + Level 3.6 Dodging
 - Level 3.6 Stealth
 + Level 4.3 Spellcasting
 - Level 3.0 Hexes


You had 5 spell levels left.
You knew the following spells:

 Your Spells              Type           Power        Failure   Level  Hunger
a - Corona                Hex            ##.....      6%          1    None
b - Ensorcelled Hibernat  Hex/Ice        #.....       14%         2    ##.....
c - Confuse               Hex            ##......     17%         3    ###....
d - Tukima's Dance        Hex            ##......     17%         3    ###....


Dungeon Overview and Level Annotations

Branches:
Dungeon (5/15)             Temple (0/1) D:5

Altars:
Xom

Shops:
D:4 [

Annotations:
D:5 Eustachio; Reinor's ghost, novice SpAK


Innate Abilities, Weirdness & Mutations

You have extremely sharp teeth.
You heal very quickly.
When hurt, damage is shared between your health and your magic reserves.
Your bite disrupts and absorbs the magic of your enemies.
Potions and wands cannot restore your health.
You are immune to rotting.


Message History

Press: ? - help, Shift-Dir - straight line, f/p - ogre
Aim: an ogre, wielding a giant club (chance to defeat MR: 38%)
You miscast Ensorcelled Hibernation.
Your hands glow momentarily.
The ogre closely misses you.
Casting: Ensorcelled Hibernation
Confirm with . or Enter, or press ? or * to list all spells.
Aiming: Ensorcelled Hibernation
Press: ? - help, Shift-Dir - straight line, f/p - ogre
Aim: an ogre, wielding a giant club (chance to defeat MR: 38%)
The ogre resists with some effort.
You are feeling very hungry.
The ogre hits you with a giant club!
Casting: Ensorcelled Hibernation
Confirm with . or Enter, or press ? or * to list all spells.
Aiming: Ensorcelled Hibernation
Press: ? - help, Shift-Dir - straight line, f/p - ogre
Aim: an ogre, wielding a giant club (chance to defeat MR: 38%)
The ogre resists with some effort.
The ogre hits you with a giant club!!
Ouch! That really hurt!
You die...

...... .....## ......###
......... #......^.
#.#r..... #.O......
#@.^..... #.....^..
#......^....
########.)........^^...
##...##...............^#
##....................^.#
#.......................
#.................^....
#.....................#


You could see an ogre and a quokka.

Vanquished Creatures
  A sky beast (D:4)
  2 phantoms
  A scorpion (D:5)
  2 orc wizards
  An orc priest (D:5)
  2 hounds (D:4)
  A worker ant (D:4)
  2 gnolls (D:5)
  5 adders
  An ooze (D:1)
  An adder zombie (D:5)
  3 worms
  9 orcs
  6 hobgoblins
  3 jackals (D:1)
  2 quokkas
  2 ball pythons
  5 bats
  4 giant newts
  9 goblins
  11 kobolds
  6 rats
79 creatures vanquished.

Notes
Turn   | Place    | Note
--------------------------------------------------------------
     0 | D:1      | Oddball22 the Vine Stalker Enchanter began the quest for the Orb.
     0 | D:1      | Reached XP level 1. HP: 9/9 MP: 4/4
    49 | D:1      | Reached skill level 1 in Short Blades
   198 | D:1      | Reached XP level 2. HP: 10/14 MP: 4/6
   428 | D:1      | Found a shimmering altar of Xom.
   705 | D:1      | Reached XP level 3. HP: 14/17 MP: 5/7
   881 | D:1      | Learned a level 2 spell: Ensorcelled Hibernation
   885 | D:1      | Learned a level 3 spell: Confuse
  1089 | D:2      | Reached skill level 1 in Fighting
  1331 | D:2      | Reached XP level 4. HP: 22/22 MP: 6/8
  2128 | D:3      | Reached XP level 5. HP: 14/25 MP: 5/10
  2279 | D:4      | Found Ithri's Antique Armour Boutique.
  2467 | D:4      | Noticed a phantom
  2481 | D:3      | Learned a level 3 spell: Tukima's Dance
  2544 | D:5      | Entered Level 5 of the Dungeon
  2581 | D:4      | Killed a phantom
  2581 | D:4      | Gained mutation: You heal very quickly. [Vine Stalker growth]
  2581 | D:4      | Reached XP level 6. HP: 30/30 MP: 2/12
  2845 | D:4      | Noticed a sky beast
  2855 | D:4      | Killed a sky beast
  3123 | D:5      | Reached skill level 4 in Short Blades
  3163 | D:5      | Reached XP level 7. HP: 33/33 MP: 1/13
  3436 | D:5      | Noticed Eustachio
  3731 | D:5      | Found a staircase to the Ecumenical Temple.
  3731 | D:5      | Noticed Reinor's ghost (novice SpAK)
  3783 | D:5      | Slain by an ogre

Vault maps used:
D:1:      minmay_arrival_hallway, xom_teletrap_fun
D:2:      first_bread
D:4:      serial_shops, shop_statue, hangedman_decor_lopped
D:5:      minmay_temple_entry_poolview, minmay_holes, uniq_eustachio

Action                   |  1- 3 |  4- 6 |  7- 9 || total
-------------------------+-------+-------+-------++-------
Melee: Dagger            |   162 |    99 |    64 ||   325
 Fire: Blowgun           |       |       |     7 ||     7
 Cast: Corona            |    35 |    24 |     6 ||    65
       Ensorcelled Hiber |     4 |    11 |     4 ||    19
       Confuse           |       |     3 |     5 ||     8
Evoke: Wand              |       |     4 |       ||     4
  Use: Potion            |     1 |       |       ||     1
       Scroll            |       |     1 |     1 ||     2
 Stab: Sleeping          |     2 |     9 |     1 ||    12
       Confused          |       |       |     1 ||     1
  Eat: Chunk             |     2 |     7 |     2 ||    11
